 Dungeon Crawl Stone Soup version 0.22.1-7-g5c428e7 (webtiles) character file.

715 Waggle the Ruffian (level 7, -4/62 HPs)
             Began as a Troll Wizard on Mar 5, 2019.
             Killed from afar by Dowan (14 damage)
             ... with a shard of ice
             ... on level 4 of the Dungeon.
             The game lasted 00:06:16 (2674 turns).

Waggle the Ruffian (Troll Wizard)                   Turns: 2674, Time: 00:06:17

Health: -4/62      AC:  5    Str: 18    XL:     7   Next: 41%
Magic:  9/9        EV:  9    Int: 14    God:
Gold:   86         SH:  0    Dex:  8    Spells: 4/10 levels left

rFire    . . .     SeeInvis .     - Unarmed
rCold    . . .     Gourm    +   (no shield)
rNeg     . . .     Faith    .   a - +0 robe
rPois    .         Spirit   .   b - +0 hat
rElec    .         Reflect  .   (no cloak)
rCorr    .         Harm     .   (gloves unavailable)
MR       .....                  (boots unavailable)
Stlth    +.........             (no amulet)
HPRegen  0.60/turn              (no ring)
MPRegen  0.11/turn              (no ring)

@: lethally poisoned (-4 -> -10), glowing
A: large, unfitting armour, claws 3, fast metabolism 3, gourmand, regeneration
1, shaggy fur 1, tough skin 2
a: no special abilities


You were on level 4 of the Dungeon.
You were completely stuffed.

You visited 1 branch of the dungeon, and saw 4 of its levels.

You collected 86 gold pieces.

Inventory:

Missiles
 u - 11 tomahawks (quivered)
Armour
 a - a +0 robe (worn)
 b - a +0 hat (worn)
Wands
 y - a wand of polymorph (19)
Scrolls
 c - 3 scrolls of noise {unknown}
 f - 4 scrolls of teleportation {unknown}
 g - a scroll of amnesia {unknown}
 h - 4 scrolls of identify {unknown}
 i - 2 scrolls of remove curse {unknown}
 l - a scroll of immolation {unknown}
 n - a scroll of fear {unknown}
 p - 2 scrolls of random uselessness {unknown}
 q - a scroll of fog {unknown}
 x - a scroll of magic mapping {unknown}
Potions
 e - a potion of berserk rage
 j - a potion of haste {unknown}
 k - 3 potions of curing {unknown}
 m - a potion of might {unknown}
 o - a potion of resistance {unknown}
 s - 2 potions of agility {unknown}
 t - 3 potions of mutation {unknown}
 v - a potion of lignification {unknown}
 w - a potion of flight {unknown}
Comestibles
 d - 10 rations
 r - 6 chunks of flesh


   Skills:
 + Level 1.0 Fighting
 - Level 1.5 Dodging
 - Level 1.0 Stealth
 + Level 7.5 Unarmed Combat
 + Level 2.0 Spellcasting
 - Level 0.6 Conjurations
   Level 0.6 Summonings
 * Level 1.8 Translocations


You had 4 spell levels left.
You knew the following spells:

 Your Spells              Type           Power        Failure   Level  Hunger
a - Magic Dart            Conj           #...         19%         1    ##.....
b - Blink                 Tloc           N/A          17%         2    ###....
c - Conjure Flame         Conj/Fire      #.......     54%         3    ####...

Your spell library contained the following spells:

 Spells                   Type           Power        Failure   Level  Hunger
 Call Imp                 Summ           #.......     28%         2    ###....
 Slow                     Hex            #.......     34%         2    ###....
 Mephitic Cloud           Conj/Pois/Air  #.......     54%         3    ####...


Dungeon Overview and Level Annotations

Branches:
Dungeon (4/15)
 Temple: D:4-7

Altars:
Fedhas
Sif Muna
Vehumet
The Shining One

Annotations:
D:4 Dowan


Innate Abilities, Weirdness & Mutations

You are too large for most types of armour.
You have claws for hands.
Your metabolism is lightning-fast.
You like to eat raw meat.
Your natural rate of healing is unusually fast.
You are covered in fur. (AC +1)
You have very tough skin. (AC +2)


Message History

Dowan says, "Magic and the sword, together, will defeat you."
You claw Duvessa!
You kill Duvessa!
Dowan screams, "No!
Oh no!"
Dowan seems to find hidden reserves of power!
Your Fighting skill increases to level 1!
You scratch Dowan but do no damage. Dowan hits you with a dagger of venom.
* * * LOW HITPOINT WARNING * * *
You are poisoned.
You claw Dowan! x2
Dowan is severely wounded.
You feel sick. Dowan hits you with a dagger of venom.
* * * LOW HITPOINT WARNING * * *
You are more poisoned.
You barely miss Dowan.
Dowan is severely wounded.
You feel sick. Dowan closely misses you. Dowan casts a spell at you.
The shard of ice hits you!
You die...

#.........#
###.........#
#.........###
#.........#
#.........####
#............#
#.........##.# .
#.........##.#
.####.........##@#
..!........#####e#
.........e.......#
#...........######
#...........####
#..............#
#..........###.#
#..........###.#
#..............#


You could see Dowan.

Vanquished Creatures
  Duvessa (D:4)
  A scorpion (D:4)
  2 hounds
  2 jellies (D:1)
  An orc wizard (D:3)
  2 orc priests (D:4)
  Jessica (D:2)
  An iguana (D:1)
  2 worker ants (D:4)
  Robin (D:2)
  4 gnolls (D:4)
  5 adders
  8 oozes (D:2)
  A worm (D:2)
  4 dart slugs
  5 leopard geckos
  15 orcs
  A ball python (D:3)
  3 giant cockroaches (D:3)
  14 goblins
  7 hobgoblins
  2 jackals (D:4)
  12 kobolds (D:2)
  6 bats
  A frilled lizard (D:1)
  9 rats
111 creatures vanquished.

Vanquished Creatures (others)
  10 toadstools (D:2)
10 creatures vanquished.

Grand Total: 121 creatures vanquished

Notes
Turn   | Place    | Note
-------+----------+-------------------------------------------
     0 | D:1      | Waggle the Troll Wizard began the quest for the Orb.
     0 | D:1      | Reached XP level 1. HP: 16/16 MP: 2/2
    60 | D:1      | Reached skill level 1 in Unarmed Combat
   178 | D:1      | Reached XP level 2. HP: 20/24 MP: 4/4
   210 | D:1      | Reached skill level 2 in Unarmed Combat
   559 | D:2      | Noticed Robin
   604 | D:2      | Reached XP level 3. HP: 31/31 MP: 5/5
   665 | D:1      | Reached skill level 3 in Unarmed Combat
   709 | D:2      | Killed Robin
   709 | D:2      | Reached XP level 4. HP: 39/39 MP: 6/6
   853 | D:2      | Reached skill level 4 in Unarmed Combat
  1210 | D:2      | Reached XP level 5. HP: 45/45 MP: 7/7
  1215 | D:1      | Reached skill level 5 in Unarmed Combat
  1320 | D:2      | Noticed Jessica
  1325 | D:2      | Killed Jessica
  1646 | D:2      | Learned a level 2 spell: Blink
  1651 | D:2      | Learned a level 3 spell: Conjure Flame
  1761 | D:3      | Reached skill level 6 in Unarmed Combat
  1761 | D:3      | Reached XP level 6. HP: 42/53 MP: 8/8
  2036 | D:3      | Reached skill level 1 in Translocations
  2118 | D:3      | Found a deep blue altar of Sif Muna.
  2132 | D:3      | Found a radiant altar of Vehumet.
  2135 | D:3      | Found a glowing golden altar of the Shining One.
  2138 | D:3      | Found a blossoming altar of Fedhas.
  2466 | D:4      | Reached XP level 7. HP: 54/61 MP: 9/9
  2471 | D:4      | Reached skill level 7 in Unarmed Combat
  2650 | D:4      | Noticed Dowan
  2652 | D:4      | Noticed Duvessa
  2671 | D:4      | Killed Duvessa
  2671 | D:4      | Reached skill level 1 in Fighting
  2674 | D:4      | Killed from afar by Dowan

Skill      XL: |  1  2  3  4  5  6  7 |
---------------+----------------------+-----
Unarmed Combat | 1 2 3 4 6 7 |  7.5
Translocations | 1 |  1.8
Fighting       | 1 |  1.0
Dodging        | |  1.5
Stealth        | |  1.0
Spellcasting   | |  2.0
Conjurations   | |  0.6
Summonings     | |  0.6

Action                   |  1- 3 |  4- 6 |  7- 9 || total
-------------------------+-------+-------+-------++-------
Melee: Unarmed           |    93 |   202 |    36 ||   331
       Punch             |     1 |     3 |     1 ||     5
 Stab: Sleeping          |     1 |       |       ||     1
  Eat: Chunk             |     6 |    22 |     2 ||    30
Armor: Robe              |    36 |    44 |     5 ||    85
Dodge: Dodged            |    54 |    65 |    11 ||   130
